 Dungeon Crawl Stone Soup version 0.28-a0-664-gc179e30c89 (webtiles) character file.

Game seed: 9769566380738226703

605 karkarkar the Chopper (level 7, -1/44 HPs)
             Began as a Gargoyle Fighter on Oct 15, 2021.
             Was a Priest of Okawaru.
             Slain by a shadow (26 damage)
             ... on level 5 of the Dungeon.
             The game lasted 00:07:30 (4272 turns).

karkarkar the Chopper (Gargoyle Fighter)            Turns: 4272, Time: 00:07:31

Health: -1/44      AC: 15    Str: 22    XL:     7   Next: 42%
Magic:  7/8        EV: 11    Int:  8    God:    Okawaru [***...]
Gold:   138        SH:  5    Dex:  9    Spells: 6/6 levels left

rFire   . . .      SeeInvis .   a - +0 war axe
rCold   . . .      Faith    .   c - +0 buckler
rNeg    + . .      Spirit   .   b - +0 scale mail
rPois   ∞          Reflect  .   (no helmet)
rElec   +          Harm     .   i - +0 cloak
rCorr   .          Rampage  .   l - +0 pair of gloves
Will    .....                   (no boots)
Stlth   +.........              (no amulet)
HPRegen 0.14/turn               (no ring)
MPRegen 0.11/turn               (no ring)

@: heroic
A: sickness immunity, AC +4, negative energy resistance 1, electricity
resistance, torment resistance 1, petrification resistance
a: Renounce Religion, Heroism


You were on level 5 of the Dungeon.
You worshipped Okawaru.
Okawaru was most pleased with you.
You visited 1 branch of the dungeon, and saw 5 of its levels.

You collected 138 gold pieces.

Inventory:

Hand Weapons
 a - a +0 war axe (weapon)
Missiles
 h - 10 poisoned darts (quivered)
Armour
 b - a +0 scale mail (worn)
 c - a +0 buckler (worn)
 e - a +1 leather armour of willpower
 i - a +0 cloak (worn)
 l - a +0 pair of gloves (worn)
Scrolls
 f - a scroll of teleportation {unknown}
 g - a scroll of fear
 k - a scroll of brand weapon
Potions
 d - 3 potions of might
 j - 2 potions of heal wounds
 m - a potion of mutation
 o - a potion of curing {unknown}


   Skills:
 + Level 4.4(9.4) Fighting
 * Level 6.0(11.0) Axes
 - Level 3.5(8.5) Armour
 - Level 4.0(9.0) Shields
 * Level 2.5 Invocations


You had 6 spell levels left.
You didn't know any spells.
Your spell library contained the following spells:

 Spells                   Type           Power      Damage    Failure   Level
 Apportation              Tloc           0%         N/A       69%         1
 Animate Skeleton         Necr           Unusable   N/A       N/A         1
 Summon Small Mammal      Summ           Unusable   N/A       N/A         1

Dungeon Overview and Level Annotations

Branches:
Dungeon (5/15)             Temple (0/1) D:4

Altars:
Okawaru
Qazlal
Ru


Innate Abilities, Weirdness & Mutations

You are immune to sickness and miasma.
Your stone body is resilient. (AC +4)
You are immune to poison.
You resist negative energy. (rN+)
You are resistant to electric shocks. (rElec)
You are resistant to unholy torment.
You are immune to petrification.


Message History

Unknown command.
HP restored.
A shadow comes into view.
You throw a javelin. The javelin barely misses the shadow.
A scorpion comes into view.
You throw a javelin.
The javelin pierces through the scorpion!
The scorpion is heavily wounded.
A bullfrog skeleton comes into view.
The bullfrog skeleton moves out of view.
You throw a javelin.
The javelin pierces through the scorpion but does no damage.
The scorpion is moderately wounded.
You throw a poisoned dart.
The poisoned dart closely misses the scorpion.
You gain the combat prowess of a mighty hero.
The shadow hits you!
You hit the shadow.
The shadow is lightly damaged.
The shadow slips into darkness.
The shadow flickers and vanishes!
Deactivating autopickup; reactivate with Ctrl-A.
No target in view!
No target in view!
The shadow strikes at you from the darkness!
Reactivating autopickup.
You hit the shadow but do no damage.
The shadow is lightly damaged.
The shadow slips into darkness.
The shadow flickers and vanishes!
Deactivating autopickup; reactivate with Ctrl-A.
You closely miss something. You slash the scorpion!
You kill the scorpion!
Okawaru accepts your kill.
The shadow strikes at you from the darkness!
Your base Axes skill increases to level 6!
You miss something.
The shadow strikes at you from the darkness!
Ouch! That really hurt!
You die...

... ... #.# #.# #.# #.#
### ##########.#######
...#
.............†...#....##
............@{..........
######<)..######.....#.
###....... ..####
#....... ..# #.......
... #....... .#.#
#....... .#.. .......
(##(# #######


There were no monsters in sight!

Vanquished Creatures
  2 ogres
  Blork the orc (D:4)
  2 scorpions
  A water moccasin zombie (D:5)
  2 orc priests (D:3)
  5 adders
  A white imp (D:4)
  2 ufetubi (D:4)
  A worm (D:3)
  A dart slug (D:2)
  7 orcs
  2 bats (D:1)
  3 endoplasms
  2 giant cockroaches
  13 goblins
  2 hobgoblins
  6 jackals
  6 kobolds
  4 quokkas (D:3)
  9 ball pythons
  A frilled lizard (D:2)
  4 rats
77 creatures vanquished.

Notes
Turn   | Place    | Note
-------+----------+-------------------------------------------
     0 | D:1      | karkarkar the Gargoyle Fighter began the quest for the Orb.
     0 | D:1      | Reached XP level 1. HP: 14/14 MP: 1/1
   239 | D:1      | Reached skill level 2 in Axes
   411 | D:1      | Reached XP level 2. HP: 9/19 MP: 2/2
   907 | D:1      | Found a faded altar of an unknown god.
   917 | D:1      | Prayed at the altar of an unknown god.
   917 | D:1      | Became a worshipper of Warmaster Okawaru
   917 | D:1      | Reached * piety under Okawaru
  1160 | D:2      | Reached XP level 3. HP: 23/24 MP: 3/3
  1604 | D:3      | Noticed a scorpion
  1692 | D:3      | Found a sacrificial altar of Ru.
  1834 | D:3      | Reached skill level 3 in Axes
  1834 | D:3      | Reached XP level 4. HP: 3/29 MP: 4/4
  2336 | D:3      | Found a stormy altar of Qazlal.
  2415 | D:3      | Killed a scorpion
  2415 | D:3      | Reached ** piety under Okawaru
  2416 | D:3      | Reached skill level 1 in Invocations
  2416 | D:3      | Reached XP level 5. HP: 17/33 MP: 3/5
  2702 | D:3      | Reached skill level 4 in Axes
  2987 | D:3      | Noticed an ogre
  3000 | D:3      | Killed an ogre
  3001 | D:3      | Reached XP level 6. HP: 34/38 MP: 4/7
  3526 | D:4      | Reached skill level 5 in Axes
  3776 | D:4      | Noticed Blork the orc
  3796 | D:4      | Killed Blork the orc
  3797 | D:4      | Reached XP level 7. HP: 19/43 MP: 5/8
  4010 | D:4      | Found a staircase to the Ecumenical Temple.
  4199 | D:5      | Entered Level 5 of the Dungeon
  4213 | D:5      | Reached *** piety under Okawaru
  4259 | D:5      | Noticed a shadow
  4272 | D:5      | Reached skill level 6 in Axes
  4272 | D:5      | Slain by a shadow

Illustrated notes

Levels and vault maps discovered:
D:1:      lightli_arrival_chessboard, layout_basic,
          shapermc_ecumenical_altar_notcrosses
D:2:      layout_rooms, serial_corexii_hall, chequers_hall_statues_corner_a,
          corexii_hall_statues_s, minivault_26, minmay_misc_feat_columns
D:3:      layout_loops_corners, nicolae_qazlal_general_emergency,
          hangedman_ru_absence, chequers_serial_rivers_room_b,
          minmay_misc_feat_roman, nrook_mini_backslash, minmay_misc_feat_chi,
          minmay_ogre_servants
D:4:      layout_rooms, minmay_temple_entry_waves, uniq_blork_the_orc
D:5:      layout_basic, uniq_ijyb, uniq_prince_ribbit1

Skill      XL: |  1  2  3  4  5  6  7 |
---------------+----------------------+-----
Axes           | 2 3 4 5 6 |  6.0
Shields        | 4 |  4.0
Invocations    | 1 2 |  2.5
Fighting       | 4 |  4.4
Armour         | |  3.5

Action                   |  1- 3 |  4- 6 |  7- 9 || total
-------------------------+-------+-------+-------++-------
Melee: War axe           |    75 |   124 |    19 ||   218
Throw: Dart              |    13 |     8 |     3 ||    24
       Javelin           |       |    10 |     5 ||    15
Invok: Heroism           |       |     3 |     1 ||     4
  Use: Scroll            |     2 |     1 |     1 ||     4
Armor: Scale mail        |    26 |    74 |     8 ||   108
       Leather armour    |     9 |       |       ||     9
Dodge: Dodged            |    39 |    69 |     8 ||   116
Block: Buckler           |    20 |    37 |     1 ||    58

Table legend: (Time is in decaauts)
 A = Elapsed time spent in this place.
 B = Non-inter-level travel time spent in this place.
 C = Inter-level travel time spent in this place.
 D = Time resting spent in this place.
 E = Time spent auto-exploring this place.
 F = Levels seen in this place.
 G = Mean time per level.
                   A        B        C        D        E       F      G
               +--------+--------+--------+--------+--------+-----+--------+
         Total |   4349 |   4217 |    132 |   1006 |   2489 |   5 |  869.8 |
       Dungeon |   4349 |   4217 |    132 |   1006 |   2489 |   5 |  869.8 |
               +--------+--------+--------+--------+--------+-----+--------+

Top non-repeatable levels by time:
     D:3: 1638 daAuts
     D:1: 1059 daAuts
     D:2: 824 daAuts
     D:4: 750 daAuts
     D:5: 77 daAuts
